 Dungeon Crawl Stone Soup version 0.22-a0-785-g6253c82ace (webtiles) character file.

2219 Cecky the Magician (level 9, -4/55 HPs)
             Began as a Gargoyle Earth Elementalist on July 17, 2018.
             Was a Follower of Sif Muna.
             Slain by a thrashing horror (8 damage)
             ... on level 3 of the Abyss on July 20, 2018.
             The game lasted 00:30:37 (8806 turns).

Cecky the Magician (Gargoyle Earth Elementalist)    Turns: 8806, Time: 00:30:38

Health: -4/55      AC:  9    Str: 12    XL:     9   Next: 35%
Magic:  19/19      EV: 12    Int: 19    God:    Sif Muna [*.....]
Gold:   522        SH:  0    Dex: 10    Spells: 16/22 levels left

rFire    . . .     SeeInvis .   j - +2 dagger (drain)
rCold    . . .     Gourm    .   (no shield)
rNeg     + . .     Faith    .   (no armour)
rPois    ∞         Spirit   .   (no helmet)
rElec    +         Reflect  .   (no cloak)
rCorr    .         Harm     .   e - +2 pair of gloves
MR       .....                  (no boots)
Stlth    ++........             (no amulet)
HPRegen  0.18/turn              (no ring)
MPRegen  0.16/turn              (no ring)

@: about to teleport
A: negative energy resistance 1, electricity resistance, unbreathing,
petrification resistance, rot immunity, AC +6
a: Divine Energy, Renounce Religion


You were on level 3 of the Abyss.
You worshipped Sif Muna.
Sif Muna was aware of your devotion.
You were not hungry.

You visited 2 branches of the dungeon, and saw 8 of its levels.
You visited the Abyss 1 time.

You collected 522 gold pieces.

Inventory:

Hand Weapons
 j - a +2 dagger of draining (weapon)
Missiles
 b - 49 stones (quivered)
 i - a throwing net
 l - 8 poisoned tomahawks
 m - 4 curare-tipped needles
Armour
 c - a +0 robe
 e - a +2 pair of gloves (worn)
 x - the cursed +1 robe "Ymeupak" {+Inv rElec Dex+7, unknown}
   (You found it on level 7 of the Dungeon)

   It affects your dexterity (+7).
   It insulates you from electricity.
   It lets you turn invisible.
   It has a curse placed upon it.
Magical Staves
 f - an uncursed staff of power {unknown}
Jewellery
 u - an uncursed ring of positive energy
Wands
 v - a wand of paralysis (33)
Scrolls
 a - a scroll of magic mapping
 h - a scroll of enchant armour
 n - 7 scrolls of remove curse {unknown}
 o - 2 scrolls of fog
 p - a scroll of amnesia {unknown}
 w - a scroll of random uselessness {unknown}
 y - a scroll of enchant weapon
 z - a scroll of identify
Potions
 k - a potion of mutation {unknown}
 q - 2 potions of might {unknown}
 r - a potion of haste {unknown}
 s - 3 potions of agility
 t - a potion of curing {unknown}
 A - 2 potions of lignification {unknown}
Comestibles
 d - 10 rations


   Skills:
 * Level 5.9 Fighting
 - Level 1.5 Dodging
 - Level 2.1 Stealth
 - Level 7.2 Spellcasting
 * Level 6.6 Conjurations
 - Level 0.7 Transmutations
 + Level 6.5 Earth Magic


You had 16 spell levels left.
You knew the following spells:

 Your Spells              Type           Power        Failure   Level  Hunger
a - Sandblast             Erth           ####..       1%          1    None
b - Passwall              Tmut/Erth      ###.....     3%          2    None
c - Stone Arrow           Conj/Erth      ####..       1%          3    #......

Your spell library contained the following spells:

 Spells                   Type           Power        Failure   Level  Hunger
 Lee's Rapid Deconstruct  Erth           ####......   19%         5    #####..
 Petrify                  Tmut/Erth      ###.....     22%         4    ###....


Dungeon Overview and Level Annotations

Branches:
Dungeon (7/15)             Temple (1/1) D:4

Altars:
Ashenzari
Cheibriados
Dithmenos
Elyvilon
Fedhas
Gozag
Hepliaklqana
Kikubaaqudgha
Makhleb
Nemelex Xobeh
Okawaru
Qazlal
Ru
Sif Muna
Trog
Uskayaw
Wu Jian
Xom
Yredelemnul
Zin
The Shining One


Innate Abilities, Weirdness & Mutations

You are resistant to torment.
Your stone body is resilient. (AC +6)
You are immune to poison.
You resist negative energy. (rN+)
You are resistant to electric shocks. (rElec)
You can survive without breathing.
You are immune to petrification.
You are immune to rotting.


Message History

The thrashing horror barely misses you. x2
As you read the scroll of teleportation, it crumbles to dust.
You feel strangely unstable.
You feel the power of the Abyss delaying your translocation!
The thrashing horror roars!
You hear a roar!
The thrashing horror tramples you.
* * * LOW HITPOINT WARNING * * *
You hold your ground!
The thrashing horror tramples you but does no damage.
The thrashing horror barely misses you. The thrashing horror tramples you.
* * * LOW HITPOINT WARNING * * *
You stumble backwards!
As you read the scroll labeled LOTUMUULIO, it crumbles to dust.
It is a scroll of enchant weapon.
Your +1 dagger of draining glows red for a moment.
The thrashing horror completely misses you.
The thrashing horror closely misses you.
A smoke demon comes into view.
The thrashing horror tramples you!
You die...

≈#..#. . ≈.3≈≈....
#.## ...≈
....#...##... ≈. #
..≈≈#........# .#.#
≈≈.#.......#. #..#..
............ ..#. .
#..#X....####_...#
##.##..#@#.# .#.#
#§....XX#.......3# .
##.#...#............
#..##.###..###.
#.####. ### . ### ##


You could see 3 thrashing horrors and a smoke demon.

Vanquished Creatures
  Pikel (D:3)
  The ghost of rvm the Sneak, an amateur NaAs of Wu Jian (D:4)
  Menkaure (D:6)
  An ice beast (D:6)
  2 orc warriors
  2 slaves
  3 sky beasts
  An ogre (D:4)
  3 big kobolds (D:3)
  A howler monkey (D:5)
  A crimson imp (D:6)
  2 hounds
  An orc priest (D:4)
  3 orc wizards
  2 worker ants
  An iguana (D:5)
  A hound skeleton (D:5)
  A worker ant zombie (D:6)
  3 gnolls (D:3)
  9 adders
  A shadow imp (D:6)
  2 oozes
  2 worms (D:2)
  A dart slug (D:2)
  6 leopard geckos
  34 orcs
  2 ball pythons
  9 giant cockroaches
  11 goblins
  10 hobgoblins
  13 jackals
  2 quokkas
  A ball python skeleton (D:5)
  8 bats
  6 frilled lizards
  A jackal skeleton (D:3)
  40 kobolds
  A leopard gecko skeleton (D:6)
  A quokka zombie (D:5)
  4 rats (D:3)
195 creatures vanquished.

Vanquished Creatures (others)
  An orc (D:4)
  9 starspawn tentacles (Abyss:2)
10 creatures vanquished.

Grand Total: 205 creatures vanquished

Notes
Turn   | Place    | Note
-------+----------+-------------------------------------------
     0 | D:1      | Cecky the Gargoyle Earth Elementalist began the quest for the Orb.
     0 | D:1      | Reached XP level 1. HP: 10/10 MP: 3/3
   442 | D:1      | Reached XP level 2. HP: 16/16 MP: 1/5
   571 | D:1      | Learned a level 2 spell: Passwall
   948 | D:1      | Reached skill level 1 in Fighting
  1122 | D:2      | Reached XP level 3. HP: 20/20 MP: 0/6
  1182 | D:2      | Learned a level 3 spell: Stone Arrow
  1688 | D:2      | Found a sacrificial altar of Ru.
  1794 | D:2      | Reached XP level 4. HP: 25/25 MP: 4/7
  1842 | D:2      | Found a glowing golden altar of the Shining One.
  1944 | D:2      | Reached skill level 5 in Earth Magic
  2928 | D:3      | Reached skill level 3 in Spellcasting
  2953 | D:3      | Reached skill level 1 in Conjurations
  2958 | D:3      | Reached XP level 5. HP: 29/30 MP: 1/9
  3175 | D:3      | Found an ornate altar of the Wu Jian Council.
  3606 | D:3      | Noticed a big kobold
  3606 | D:3      | Noticed a big kobold
  3694 | D:3      | Reached XP level 6. HP: 27/36 MP: 2/11
  3710 | D:3      | Reached skill level 4 in Spellcasting
  4069 | D:3      | Reached skill level 5 in Spellcasting
  4069 | D:3      | Reached XP level 7. HP: 29/41 MP: 5/14
  4534 | D:4      | Noticed Pikel
  4621 | D:4      | Found a staircase to the Ecumenical Temple.
  4627 | Temple   | Entered the Ecumenical Temple
  4755 | D:4      | Found a large runed door.
  4755 | D:4      | Found a large runed door.
  4788 | D:4      | Noticed rvm's ghost (amateur NaAs)
  4797 | D:4      | Found a hazy altar of Hepliaklqana.
  5097 | D:3      | Killed Pikel
  5097 | D:3      | Reached skill level 5 in Conjurations
  5097 | D:3      | Reached XP level 8. HP: 26/48 MP: 3/15
  5592 | D:4      | Killed rvm's ghost
  5592 | D:4      | Reached skill level 6 in Spellcasting
  6351 | D:5      | Entered Level 5 of the Dungeon
  6554 | D:5      | Found a deep blue altar of Sif Muna.
  6560 | D:5      | Became a worshipper of Sif Muna the Loreminder
  6904 | D:5      | Reached skill level 7 in Spellcasting
  7043 | D:5      | Reached skill level 5 in Fighting
  7043 | D:5      | Reached XP level 9. HP: 54/54 MP: 6/19
  7501 | D:5      | Paralysed by an orc for 6 turns
  7667 | D:6      | Found a shattered altar of Ashenzari.
  7829 | D:6      | Upgraded the game from 0.22-a0-769-g178e55541d to 0.22-a0-785-g6253c82ace
  7853 | D:6      | Reached * piety under Sif Muna
  7925 | D:6      | Found an iron altar of Okawaru.
  8387 | D:6      | Noticed Menkaure
  8399 | D:6      | Killed Menkaure
  8499 | D:6      | Found a burning altar of Makhleb.
  8620 | D:7      | Noticed a wizard
  8620 | D:7      | Noticed an orc sorcerer
  8628 | D:7      | Got a wizard robe
  8642 | D:7      | Noticed a wizard
  8643 | D:7      | Cast into level 2 of the Abyss (a wizard)
  8647 | Abyss:2  | Noticed a tentacled starspawn
  8717 | Abyss:2  | Noticed a spatial maelstrom
  8731 | Abyss:3  | Found a corrupted altar of Lugonu.
  8795 | Abyss:3  | Noticed a smoke demon
  8797 | Abyss:3  | Noticed a thrashing horror
  8798 | Abyss:3  | Noticed a thrashing horror
  8798 | Abyss:3  | Noticed a thrashing horror
  8806 | Abyss:3  | Noticed a smoke demon
  8806 | Abyss:3  | Slain by a thrashing horror

Vault maps used:
D:1:      dpeg_arrival_signposts, minmay_pentomino_z4
D:2:      nicolae_ru_great_annihilating_truth, nicolae_tso_carved_into_rock,
          first_ration, guppyfry_early_orc_mine
D:3:      minmay_goblin_kobold_castle, old_standard_altar
D:4:      overflow_temple_1_default, minmay_temple_entry_statues_pillars,
          ebering_ghost_disaster_area, due_unseen_surprise, uniq_pikel
D:5:      led_sif_pool
D:6:      cheibrodos_quashed, nicolae_ashenzari_panopticon,
          okawaru_metal_pillars_1_2, basic_altar, uniq_menkaure
D:7:      cheibrodos_wizards_tower, serial_shops, shop
Temple:   eino_temple_lava
Abyss:3:  evilmike_abyss_exit_3, evilmike_abyss_rune_siren_acolytes

Skill      XL: |  1  2  3  4  5  6  7  8  9 |
---------------+----------------------------+-----
Earth Magic    | 4 5 6 |  6.5
Fighting       | 1 2 3 5 |  5.9
Spellcasting   | 3 5 7 |  7.2
Conjurations   | 1 2 5 6 |  6.6
Dodging        | |  1.5
Stealth        | |  2.1
Transmutations | |  0.7

Action                   |  1- 3 |  4- 6 |  7- 9 || total
-------------------------+-------+-------+-------++-------
Melee: Dagger            |    62 |    90 |   123 ||   275
 Cast: Sandblast         |    38 |   119 |    79 ||   236
       Stone Arrow       |       |       |    44 ||    44
  Use: Scroll            |       |       |    11 ||    11
       Potion            |       |       |     2 ||     2
 Stab: Sleeping          |     1 |       |     1 ||     2
  Eat: Chunk             |     3 |     6 |     9 ||    18
       Ration            |       |     1 |     2 ||     3
Armor: Robe              |    25 |    52 |    67 ||   144
       Skin              |       |       |     6 ||     6
Dodge: Dodged            |    47 |   118 |   109 ||   274

Table legend:
 A = Spawn XP
 B = Non-spawn XP
 C = Spawn XP percentage of total XP
 D = Spawn monster count
 E = Non-spawn monster count
 F = Spawn count percentage of total count
 G = Total turns spent on level
                    A         B        C        D         E        F      G
               +---------+---------+-------+---------+---------+-------+---------
         Total |       0 |    3170 |   0.0 |       0 |     193 |   0.0 |  8806
               +---------+---------+-------+---------+---------+-------+---------
           D:1 |       0 |      26 |   0.0 |       0 |      16 |   0.0 |  1071
           D:2 |       0 |      90 |   0.0 |       0 |      29 |   0.0 |  1325
           D:3 |       0 |    1243 |   0.0 |       0 |      88 |   0.0 |  2507
           D:4 |       0 |     451 |   0.0 |       0 |       8 |   0.0 |  1337
           D:5 |       0 |     639 |   0.0 |       0 |      37 |   0.0 |  1227
           D:6 |       0 |     718 |   0.0 |       0 |      14 |   0.0 |  1039
           D:7 |       0 |       3 |   0.0 |       0 |       1 |   0.0 |    26
               +---------+---------+-------+---------+---------+-------+---------
